 Dungeon Crawl Stone Soup version 0.13.0-18-g7b03ea5 (webtiles) character file.

11095 Jaijje the Conjurer (level 11, -7/67 HPs)
             Began as a High Elf Conjurer on Oct 23, 2013.
             Was the Champion of Sif Muna.
             Mangled by a griffon (15 damage)
             ... on Level 4 of the Lair of Beasts.
             The game lasted 01:01:34 (12973 turns).

Jaijje the Conjurer (High Elf Conjurer)            Turns: 12973, Time: 01:01:35

HP  -7/67        AC  8     Str  7      XL: 11   Next: 36%
MP  10/31        EV 13     Int 21      God: Sif Muna [******]
Gold 663         SH  0     Dex 18      Spells:  3 memorised, 23 levels left

Res.Fire  : + . .   See Invis. : +   y - +5,+6 whip of Extermination {elec, +Rage rElec Stlth+}
Res.Cold  : . . .   Warding    : .   a - +0 elf robe
Life Prot.: . . .   Conserve   : .   (no shield)
Res.Poison: .       Res.Corr.  : .   (no helmet)
Res.Elec. : +       Clarity    : .   D - +0 cloak
Sust.Abil.: . .     Spirit.Shd : .   C - +1 pair of gauntlets
Res.Mut.  : .       Stasis     : .   r - +2 pair of boots
Res.Rott. : .       Flight     : .   t - amulet of rage
Saprovore : . . .                    e - ring of see invisible
                                     L - ring of Cotosk {+Fly rF+ Acc+6}

@: somewhat resistant to hostile enchantments, stealthy
A: no striking features
a: Channel Energy, Forget Spell, Renounce Religion, Evoke Berserk Rage, Evoke
Flight


You were on level 4 of the Lair of Beasts.
You worshipped Sif Muna.
Sif Muna was exalted by your worship.
You were hungry.

You visited 3 branches of the dungeon, and saw 13 of its levels.

You collected 643 gold pieces.

Inventory:

Hand weapons
 f - a +3,+2 elven short sword of venom
 y - the +5,+6 whip of Extermination (weapon) {elec, +Rage rElec Stlth+}
   (You found it on level 6 of the Dungeon)

   Occasionally, upon striking a foe, it will discharge some electrical energy
   and cause terrible harm.
   It insulates you from electricity.
   It lets you go berserk.
   It makes you much more stealthy.
Missiles
 h - 3 poisoned darts (quivered)
Armour
 a - a +0 elven robe (worn)
 r - a +2 pair of boots (worn)
 u - a +0 buckler
 C - a +1 pair of gauntlets (worn)
 D - a +0 cloak (worn)
Magical devices
 B - a wand of enslavement (5)
 E - a wand of lightning (4)
Comestibles
 b - 6 bread rations
 l - a pear
 n - 2 honeycombs
 q - 3 royal jellies
 s - 5 meat rations
 I - a rotting chunk of crocodile flesh
Scrolls
 g - 2 scrolls of enchant armour
 k - 5 scrolls of identify
 m - 8 scrolls of remove curse
 p - a scroll of fog
 v - 4 scrolls of blinking
 A - 2 scrolls of amnesia
 J - 2 scrolls of teleportation
 M - a scroll of fear
 O - a scroll of enchant weapon I
Jewellery
 e - a ring of see invisible (right hand)
 t - an amulet of rage (around neck)
 G - an uncursed ring of fire
 L - the ring of Cotosk (left hand) {+Fly rF+ Acc+6}
   (You found it on level 1 of the Lair of Beasts)

   [ring of flight]

   It affects your accuracy (+6).
   It protects you from fire.
 N - an uncursed ring of flight
Potions
 d - 6 potions of curing
 i - 2 potions of heal wounds
 j - a potion of flight
 o - a potion of invisibility
 x - a potion of resistance
 z - a potion of paralysis {unknown}
 F - a potion of brilliance {unknown}
 H - 2 potions of cure mutation {unknown}
 K - a potion of berserk rage {unknown}
Books
 c - a book of Conjurations

   Spells                             Type                      Level
   *Magic Dart                        Conjuration                  1
   Searing Ray                        Conjuration                  2
   Dazzling Spray                     Conjuration/Hexes            3
   *Iskenderun's Mystic Blast         Conjuration                  4
   *Iskenderun's Battlesphere         Conjuration/Charms           4
   Fulminant Prism                    Conjuration/Hexes            5
 w - a book of Party Tricks

   Spells                             Type                      Level
   Summon Butterflies                 Summoning                    1
   Apportation                        Translocation                1
   Blink                              Translocation                2
   Alistair's Intoxication            Transmutation/Poison         4
   Tukima's Dance                     Hexes                        5


   Skills:
 + Level 5.8 Fighting
 - Level 0.5 Short Blades
 - Level 2.1 Dodging
 - Level 2.1 Stealth
 + Level 11.2 Spellcasting
 + Level 14.2 Conjurations
 + Level 4.2 Charms


You had 23 spell levels left.
You knew the following spells:

 Your Spells              Type           Power        Failure   Level  Hunger
a - Magic Dart            Conj           ####         0%          1    None
b - Iskenderun's Mystic   Conj           ######..     1%          4    #......
c - Iskenderun's Battles  Conj/Chrm      ######..     1%          4    #......


Dungeon Overview and Level Annotations

Branches:
Dungeon (8/27)             Temple (1/1) D:5             Orc (0/4) D:8
   Lair (4/8) D:8
  Swamp: Lair:3-6    Shoals: Lair:3-6     Snake: Lair:3-6    Spider: Lair:3-6

Altars:
Ashenzari
Cheibriados
Elyvilon
Fedhas
Kikubaaqudgha
Makhleb
Nemelex Xobeh
Okawaru
Sif Muna
Trog
Xom
Yredelemnul
Zin
the Shining One


Message History

The griffon barely misses you. The griffon closely misses you.
The griffon barely misses you.
You whack the griffon!
The griffon is severely wounded.
The griffon bites you! The griffon pecks you! The griffon claws you.
You barely miss the griffon.
The griffon is severely wounded.
The griffon bites you! The griffon pecks you.
* * * LOW HITPOINT WARNING * * *
The griffon claws you!
* * * LOW HITPOINT WARNING * * *
Casting: Magic Dart
Confirm with . or Enter, or press ? or * to list all spells.
Aiming: Iskenderun's Mystic Blast
Press: ? - help, Shift-Dir - straight line, f/p - griffon
Aim: a griffon (severely wounded)
The orb of energy hits the griffon.
The griffon is severely wounded.
The griffon bites you!
You die...

. ..#...#..##f...... ...
#....##.# P...... ....##
#######.>.#P.###......
.......##.#.....##.P..P.......
."....%.........(%...>........
............<.%...............
.......#..#%%....##............
........%.....H................
.#........%...@............)...
.............................%
#.....##P#.###.#..............
####.# ##### ##......##.#####.
## ......#.## ## #.....### ....
## # #


You could see a griffon.

Vanquished Creatures
  A hydra (Lair:2)
  4 spiny frogs
  A black mamba (Lair:3)
  2 komodo dragons
  2 fire drakes
  2 basilisks
  3 yaks (Lair:3)
  7 hippogriffs
  A wyvern (D:6)
  3 wolves (Lair:1)
  6 porcupines
  A sky beast (D:6)
  An ogre (D:8)
  4 crocodiles
  5 centaurs
  4 giant slugs
  7 water moccasins
  Blork the orc (D:7)
  6 giant frogs
  2 agate snails (Lair:1)
  15 killer bees (D:8)
  3 crimson imps
  7 hounds
  A scorpion (D:6)
  3 wights (D:6)
  3 jellies
  A quasit (D:8)
  4 orc wizards
  6 iguanas
  A water moccasin skeleton (D:7)
  A worker ant (D:6)
  8 sheep
  Ijyb (D:7)
  A worker ant zombie (D:6)
  A hound skeleton (D:4)
  4 gnolls (D:6)
  9 adders
  A giant centipede (Lair:2)
  41 green rats
  3 giant mites
  2 worms
  7 giant geckos
  22 orcs
  13 goblins
  14 hobgoblins
  2 ball pythons
  12 bats
  4 giant cockroaches
  4 giant newts
  A giant spore (D:8)
  A goblin skeleton (D:5)
  15 jackals
  9 kobolds
  11 quokkas
  11 rats
  A rat skeleton (D:6)
  3 ballistomycetes (D:8)
309 creatures vanquished.

Vanquished Creatures (others)
  A giant frog (D:8)
  A crimson imp (D:8)
  2 fungi
  A plant (Lair:1)
5 creatures vanquished.

Grand Total: 314 creatures vanquished

Notes
Turn   | Place    | Note
--------------------------------------------------------------
     0 | D:1      | Jaijje, the High Elf Conjurer, began the quest for the Orb.
     0 | D:1      | Reached XP level 1. HP: 11/11 MP: 4/4
   262 | D:1      | Reached XP level 2. HP: 10/17 MP: 1/5
   269 | D:1      | Reached skill level 5 in Conjurations
   852 | D:2      | Reached XP level 3. HP: 21/21 MP: 2/7
  1033 | D:2      | Found a blossoming altar of Fedhas.
  1281 | D:2      | Reached skill level 6 in Conjurations
  1444 | D:3      | Reached XP level 4. HP: 27/27 MP: 8/10
  1716 | D:4      | Learned a level 4 spell: Iskenderun's Mystic Blast
  2005 | D:4      | Found a basalt altar of Yredelemnul.
  2043 | D:4      | Reached XP level 5. HP: 31/31 MP: 8/11
  2145 | D:4      | Reached skill level 7 in Conjurations
  2376 | D:5      | Entered Level 5 of the Dungeon
  2464 | D:5      | Noticed a centaur
  2562 | D:5      | Killed a centaur
  2562 | D:5      | Reached skill level 8 in Conjurations
  2562 | D:5      | Reached XP level 6. HP: 29/36 MP: 3/13
  3098 | D:5      | Found a staircase to the Ecumenical Temple.
  3131 | D:5      | Reached skill level 9 in Conjurations
  3137 | Temple   | Entered the Ecumenical Temple
  3233 | Temple   | Became a worshipper of Sif Muna the Loreminder
  3359 | D:6      | Found a shattered altar of Ashenzari.
  3513 | D:6      | Got a crystal whip
  3524 | D:6      | Identified the whip of Extermination {elec, +Rage rElec Stlth+} (You found it on level 6 of the Dungeon)
  3591 | D:6      | Reached XP level 7. HP: 38/41 MP: 12/16
  4231 | D:7      | Found a burning altar of Makhleb.
  4326 | D:7      | Noticed Ijyb
  4370 | D:7      | Killed Ijyb
  4482 | D:7      | Noticed Blork the orc
  4487 | D:7      | Killed Blork the orc
  4487 | D:7      | Acquired Sif Muna's first power
  4679 | D:7      | Reached skill level 10 in Conjurations
  4810 | D:7      | Found a white marble altar of Elyvilon.
  5113 | D:6      | Reached XP level 8. HP: 35/46 MP: 20/20
  5320 | D:6      | Noticed a wyvern
  5327 | D:6      | Killed a wyvern
  5655 | D:8      | Found a glowing golden altar of the Shining One.
  5681 | D:8      | Acquired Sif Muna's second power
  5682 | D:8      | Reached skill level 11 in Conjurations
  5711 | D:8      | Reached skill level 5 in Spellcasting
  5809 | D:8      | Noticed a queen bee
  5936 | D:8      | Found a staircase to the Lair.
  6020 | D:8      | Reached XP level 9. HP: 51/51 MP: 23/25
  6607 | D:8      | Found a staircase to the Orcish Mines.
  6619 | D:8      | Reached skill level 12 in Conjurations
  7242 | D:8      | Found a shimmering altar of Xom.
  7243 | D:8      | Noticed an angel
  7245 | D:8      | Found a glowing silver altar of Zin.
  7638 | Lair:1   | Entered Level 1 of the Lair of Beasts
  7646 | Lair:1   | Acquired Sif Muna's third power
  8355 | Lair:1   | Reached skill level 13 in Conjurations
  8355 | Lair:1   | Reached XP level 10. HP: 28/56 MP: 13/29
  8642 | Lair:1   | Reached skill level 1 in Fighting
  9309 | Lair:1   | Got a pitted amber ring
  9311 | Lair:1   | Identified the ring of Cotosk {+Fly rF+ Acc+6} (You found it on level 1 of the Lair of Beasts)
  9696 | Lair:2   | HP: 2/59 [sheep (9)]
  9890 | Lair:2   | Reached skill level 10 in Spellcasting
 10172 | Lair:2   | Noticed a five-headed hydra
 10177 | Lair:2   | Killed a five-headed hydra
 11056 | Lair:2   | Learned a level 4 spell: Iskenderun's Battlesphere
 11249 | Lair:3   | Reached skill level 1 in Charms
 11508 | Lair:3   | Reached skill level 5 in Fighting
 11584 | Lair:3   | Reached XP level 11. HP: 67/67 MP: 16/31
 11865 | Lair:3   | Received a gift from Sif Muna
 11924 | Lair:3   | Noticed a black mamba
 11929 | Lair:3   | Killed a black mamba
 11929 | Lair:3   | Reached skill level 14 in Conjurations
 12973 | Lair:4   | Mangled by a griffon

Action                   |  1- 3 |  4- 6 |  7- 9 | 10-12 || total
-------------------------+-------+-------+-------+-------++-------
Melee: Unarmed           |     1 |       |       |       ||     1
       Short sword       |    16 |    76 |       |       ||    92
       Whip              |       |     1 |   107 |   134 ||   242
Throw: Dart              |     8 |     4 |       |       ||    12
 Cast: Magic Dart        |    50 |   119 |   173 |   135 ||   477
       Iskenderun's Myst |       |     6 |    47 |   110 ||   163
       Iskenderun's Batt |       |       |       |     7 ||     7
Evoke: Wand              |       |       |       |     3 ||     3
  Use: Scroll            |       |    10 |     1 |    13 ||    24
       Potion            |       |     1 |     4 |     1 ||     6
 Stab: Sleeping          |       |       |     2 |       ||     2
